 Dungeon Crawl Stone Soup version 0.23.1 (webtiles) character file.

Game seed: 7734706144647260335

84 kardi the Chopper (level 4, -1/41 HPs)
             Began as a Hill Orc Berserker on Mar 16, 2019.
             Was a Believer of Trog.
             Slain by a worm (5 damage)
             ... on level 3 of the Dungeon.
             The game lasted 00:12:07 (1950 turns).

kardi the Chopper (Hill Orc Berserker)              Turns: 1950, Time: 00:12:08

Health: -1/41      AC:  6    Str: 19    XL:     4   Next: 45%
Magic:  4/4        EV: 10    Int:  7    God:    Trog [**....]
Gold:   85         SH:  0    Dex: 11    Spells: 3/3 levels left

rFire    + . .     SeeInvis .   a - +0 hand axe
rCold    x . .     Gourm    .   (no shield)
rNeg     . . .     Faith    .   i - +0 scale mail
rPois    .         Spirit   .   (no helmet)
rElec    .         Reflect  .   (no cloak)
rCorr    .         Harm     .   (no gloves)
MR       .....                  (no boots)
Stlth    ..........             (no amulet)
HPRegen  0.13/turn              v - ring of fire
MPRegen  0.09/turn              (no ring)

@: no status effects
A: no striking features
a: Berserk, Trog's Hand, Renounce Religion


You were on level 3 of the Dungeon.
You worshipped Trog.
Trog was pleased with you.
You were not hungry.

You visited 1 branch of the dungeon, and saw 3 of its levels.

You collected 85 gold pieces.

Inventory:

Hand Weapons
 a - a +0 hand axe (weapon)
 e - a +0 short sword
 h - a +0 hunting sling
 j - a +0 dagger
 l - a +0 club
 n - a +0 dagger
 p - a cursed -2 short sword
Missiles
 r - 59 arrows
 w - 18 poisoned needles
Armour
 b - a +0 animal skin
 f - a +0 robe
 i - a +0 scale mail (worn)
 k - a +1 ring mail
 x - a +0 chain mail
Jewellery
 v - a ring of fire (left hand)
Scrolls
 g - 2 scrolls of remove curse
 t - a scroll of teleportation {unknown}
Potions
 c - 2 potions of heal wounds {unknown}
 m - a potion of degeneration {unknown}
 o - a potion of might {unknown}
 q - a potion of brilliance {unknown}
Comestibles
 d - 2 rations


   Skills:
 + Level 4.3 Fighting
 + Level 5.6 Axes
 + Level 2.3 Armour
 + Level 2.1 Dodging
 + Level 0.1 Stealth


You had 3 spell levels left.
You didn't know any spells.
Your spell library was empty.

Dungeon Overview and Level Annotations

Branches:
Dungeon (3/15)

Altars:


Message History

You hit the bat.
The bat is heavily wounded.
The bat barely misses you. The bat closely misses you.
You closely miss the bat. The bat barely misses you.
You barely miss the worm. You hit the worm.
The worm is moderately wounded.
The worm bites you.
* * * LOW HITPOINT WARNING * * *
You hit the worm.
The worm is moderately wounded.
A bat comes into view.
The bat moves out of view.
You barely miss the worm.
The worm is moderately wounded.
The worm barely misses you.
You hit the worm.
The worm is heavily wounded.
The worm bites you.
You die...

#)##.## #(##.# #.##.#
#.##.# ##
#.##.######.# .
#.##........# .#
#.##.######.###.#
#.##.# #.#...# #.##.#
#.#@#####.# #.##.#
#.#w#......
#.##.######..bb...(.#
#<##........).#.#####
#...............#
###########.#####
#... #####


You could see a worm and 2 bats.

Vanquished Creatures
  An orc priest (D:3)
  An adder (D:3)
  2 worms (D:2)
  A dart slug (D:1)
  A leopard gecko (D:1)
  2 orcs (D:3)
  3 goblins
  4 hobgoblins
  5 jackals
  4 kobolds
  4 bats
  7 frilled lizards
  A jackal skeleton (D:3)
  A rat (D:1)
37 creatures vanquished.

Vanquished Creatures (others)
  A bat (D:1)
1 creature vanquished.

Grand Total: 38 creatures vanquished

Notes
Turn   | Place    | Note
-------+----------+-------------------------------------------
     0 | D:1      | kardi the Hill Orc Berserker began the quest for the Orb.
     0 | D:1      | Reached XP level 1. HP: 19/19 MP: 1/1
   177 | D:1      | Reached XP level 2. HP: 14/27 MP: 2/2
  1284 | D:2      | Reached XP level 3. HP: 23/33 MP: 3/3
  1519 | D:2      | Reached ** piety under Trog
  1872 | D:3      | Reached skill level 5 in Axes
  1872 | D:3      | Reached XP level 4. HP: 30/40 MP: 4/4
  1950 | D:3      | Slain by a worm

Skill      XL: |  1  2  3 |
---------------+----------+-----
Fighting       | 4 |  4.3
Dodging        | 2 |  2.1
Axes           | 5 |  5.6
Armour         | |  2.3
Stealth        | |  0.1

Action                   |  1- 3 |  4- 6 || total
-------------------------+-------+-------++-------
Melee: Hand axe          |    99 |    43 ||   142
Invok: Berserk           |     1 |       ||     1
  Use: Scroll            |     8 |       ||     8
 Stab: Sleeping          |     1 |       ||     1
  Eat: Ration            |     2 |       ||     2
Armor: Animal skin       |    17 |       ||    17
       Scale mail        |     1 |    14 ||    15
Dodge: Dodged            |   118 |    36 ||   154
